 Dungeon Crawl Stone Soup version 0.31.0-12-g77e489cdc1 (webtiles) character file.

Game seed: 760207895078825958

509360 Ruich the Slayer (level 25, -3/180 HPs)
             Began as a Tengu Berserker on Feb 29, 2024.
             Was the Champion of Lugonu.
             Slain by an Executioner (16 damage)
             ... on level 4 of the Realm of Zot on Mar 1, 2024.
             The game lasted 03:41:25 (95125 turns).

Ruich the Slayer (Tengu Berserker)                 Turns: 95125, Time: 03:41:26

Health: -3/180     AC: 32    Str: 30    XL:     25   Next: 6%
Magic:  40/42      EV: 14    Int: 10    God:    Lugonu [******]
Gold:   2502       SH: 20    Dex: 14    Spells: 26/35 levels left

rFire   + . .        a - +9 broad axe (drain)
rCold   + + .        Z - +0 tower shield
rNeg    . . .        A - +2 gold dragon scales
rPois   +            g - +2 hat
rElec   +            j - +0 cloak of Zin's Righteous Fury {rPois Will+}
rCorr   .            r - +2 pair of gloves {Str+3}
SInv    .            (boots unavailable)
Will    +++..        U - amulet of regeneration Stlth
                     m - ring of willpower
HPRegen 1.30/turn    V - ring "Qomosu" {rElec rC+ MP+9}
MPRegen 0.28/turn

%: acrobat
@: flying, very slightly contaminated, slowed, studying 4 skills, very slow
A: beak, talons 3, evasive flight, acrobatic, inability to read after injury 1
}: 3/15 runes: barnacled, abyssal, gossamer
a: Renounce Religion, Depart the Abyss, Banish, Corrupt, Enter the Abyss


You were on level 4 of the Realm of Zot.
You worshipped Lugonu.
Lugonu was exalted by your worship.
You visited 9 branches of the dungeon, and saw 45 of its levels.
You visited the Abyss 2 times.

You collected 6405 gold pieces.
You spent 3903 gold pieces at shops.


Innate Abilities, Weirdness & Mutations

You have a beak for a mouth.
You have claws for feet.
Your magical flight helps you evade attacks. (EV +4)
You can magically evade attacks while moving or waiting.
You occasionally lose the ability to read scrolls when taking damage.


   Skills:
 + Level 24.8 Fighting
 - Level 20.0 Axes
 - Level 20.0 Armour
 - Level 10.0 Dodging
 - Level 10.5 Stealth
 - Level 18.4 Shields
 - Level 5.8 Spellcasting
 - Level 5.7 Translocations
 - Level 12.0 Invocations
 - Level 5.0 Evocations


You had 26 spell levels left.
You knew the following spells:

 Your Spells              Type           Power      Damage    Failure   Level
a - Apportation           Tloc           28%        N/A       34%         1
l - Lesser Beckoning      Tloc           28%        N/A       47%         2
u - Passage of Golubria   Tloc           14%        N/A       98%         4
B - Blink                 Tloc           28%        N/A       47%         2

Your spell library contained the following spells:

 Spells                   Type           Power      Damage    Failure   Level
 Gell's Gravitas          Tloc           14%        N/A       71%         3
 Teleport Other           Tloc           14%        N/A       71%         3
 Momentum Strike          Conj/Tloc      16%        3d8       86%         2
 Foxfire                  Conj/Fire      8%         2x1d4     98%         1
 Necrotise                Necr           8%         1d4       98%         1
 Slow                     Hex            8%         N/A       98%         1
 Sting                    Conj/Alch      8%         1d3       98%         1
 Summon Small Mammal      Summ           8%         N/A       98%         1
 Ensorcelled Hibernation  Hex/Ice        4%         N/A       99%         2
 Jinxbite                 Hex            4%         N/A       99%         2
 Mercury Vapours          Alch/Air       4%         N/A       99%         2
 Scorch                   Fire           4%         2d5       99%         2
 Static Discharge         Conj/Air       4%         3-4/arc   99%         2
 Confusing Touch          Hex            2%         N/A       100%        3
 Inner Flame              Hex/Fire       2%         N/A       100%        3
 Mephitic Cloud           Conj/Alch/Air  2%         N/A       100%        3
 Ozocubu's Armour         Ice            2%         N/A       100%        3
 Passwall                 Erth           2%         N/A       100%        3
 Sigil of Binding         Hex            2%         N/A       100%        3
 Summon Ice Beast         Ice/Summ       2%         N/A       100%        3
 Swiftness                Air            2%         N/A       100%        3
 Vampiric Draining        Necr           2%         2d6       100%        3
 Airstrike                Air            1%         2d(1-17)  100%        4
 Animate Armour           Summ/Erth      4%         N/A       100%        4
 Cause Fear               Hex            1%         N/A       100%        4
 Flame Wave               Conj/Fire      2%         2d4       100%        4
 Martyr's Knell           Necr/Summ      2%         N/A       100%        4
 Olgreb's Toxic Radiance  Alch           2%         N/A       100%        4
 Summon Blazeheart Golem  Fire/Summ      2%         N/A       100%        4
 Summon Lightning Spire   Summ/Air       2%         N/A       100%        4
 Vhi's Electric Charge    Tloc/Air       16%        N/A       100%        4
 Arcjolt                  Conj/Air       1%         1d11      100%        5
 Curse of Agony           Necr           2%         N/A       100%        5
 Fireball                 Conj/Fire      1%         3d3       100%        5
 Freezing Cloud           Conj/Ice/Air   1%         6-21      100%        5
 Irradiate                Conj/Alch      1%         3d12      100%        5
 Iskenderun's Battlesphe  Conj           2%         2d6       100%        5
 Lee's Rapid Deconstruct  Erth           1%         3d4*      100%        5
 Metabolic Englaciation   Hex/Ice        1%         N/A       100%        5
 Silence                  Hex/Air        1%         N/A       100%        5
 Summon Forest            Summ/Tloc      4%         N/A       100%        5
 Summon Mana Viper        Hex/Summ       2%         N/A       100%        5
 Yara's Violent Unravell  Hex/Alch       1%         3d3       100%        5
 Bombard                  Conj/Erth      1%         9d1       100%        6
 Dispersal                Tloc           7%         N/A       100%        6
 Eringya's Noxious Bog    Alch           1%         4d6       100%        6
 Plasma Beam              Fire/Air       1%         2x1d11    100%        6
 Sculpt Simulacrum        Ice/Alch       1%         N/A       100%        6
 Starburst                Conj/Fire      1%         6d3       100%        6
 Summon Cactus Giant      Summ           1%         N/A       100%        6
 Enfeeble                 Hex            1%         N/A       100%        7
 Malign Gateway           Summ/Tloc      4%         N/A       100%        7
 Monstrous Menagerie      Summ           1%         N/A       100%        7
 Orb of Destruction       Conj           1%         9d5       100%        7
 Spellforged Servitor     Conj/Summ      1%         N/A       100%        7
 Ignition                 Fire           1%         3d3       100%        8
 Lehudib's Crystal Spear  Conj/Erth      1%         10d2      100%        8
 Summon Horrible Things   Summ           1%         N/A       100%        8
 Dragon's Call            Summ           1%         N/A       100%        9

Inventory:

Hand Weapons
 a - a +9 broad axe of draining (weapon)
 b - a +3 sacred scourge of holy wrath
 k - a +1 broad axe of draining
 X - the +3 war axe of Guilt {elec, Will+ Str+5}
   (You took it off a deep elf annihilator on level 3 of the Elven Halls)

   Str+5:     It affects your strength (+5).
   Will+:     It increases your willpower.
Missiles
 w - 2 silver javelins
 z - 12 throwing nets {=f}
 E - 7 curare-tipped darts {=f}
Armour
 g - a +2 hat (worn)
 j - the +0 cloak of Zin's Righteous Fury (worn) {rPois Will+}
   (You found it on level 2 of the Spider Nest)

   rPois:     It protects you from poison Will+: It increases your willpower.
 r - a +2 pair of gloves of strength (worn)
 A - +2 gold dragon scales (worn)
 M - +8 fire dragon scales {Xtahua}
 Z - a +0 tower shield (worn)
Jewellery
 h - a ring of see invisible
 m - a ring of willpower (left hand)
 t - a ring of willpower
 F - a ring of protection from fire
 J - a ring of poison resistance
 K - a ring of positive energy
 N - a ring of resist corrosion
 Q - an amulet of reflection
 U - an amulet of regeneration (around neck)
 V - the ring "Qomosu" (right hand) {rElec rC+ MP+9}
   (You took it off a deep elf annihilator on level 3 of the Elven Halls)

   [ring of magical power]

   rC+:       It protects you from cold.
   rElec:     It insulates you from electricity.
   MP+9:      It affects your magic capacity (+9).
 W - the ring of Dyetsixi {rC++ rN+ Str-3 Int+3 Slay+4}
   (You took it off a deep elf annihilator on level 2 of the Depths)

   [ring of slaying]

   Str-3:     It affects your strength (-3).
   Int+3:     It affects your intelligence (+3).
   Slay+4:    It affects your accuracy & damage with ranged weapons and melee
   (+4).
   rC++:      It greatly protects you from cold.
   rN+:       It protects you from negative energy.
Wands
 v - a wand of light (28)
 C - a wand of digging (4)
 D - a wand of iceblast (55)
Scrolls
 d - a scroll of revelation
 i - a scroll of silence {!r}
 o - 2 scrolls of blinking
 s - 12 scrolls of vulnerability
 y - 3 scrolls of enchant weapon
 H - 4 scrolls of fear
 I - 7 scrolls of fog
 L - 15 scrolls of teleportation {@r2}
 R - a scroll of summoning
Potions
 c - 15 potions of curing {@q1}
 f - 5 potions of ambrosia
 l - 3 potions of haste {@q3}
 n - 7 potions of magic
 p - 4 potions of invisibility
 q - 6 potions of attraction
 u - 4 potions of might
 x - 6 potions of mutation
 B - 6 potions of enlightenment
 G - 2 potions of resistance
 P - 4 potions of lignification
 Y - 3 potions of cancellation
Miscellaneous
 O - a lightning rod (4/4)
 S - a box of beasts (inert)
 T - a phantom mirror (inert) (quivered)

Dungeon Overview and Level Annotations

Branches:
Dungeon (15/15)            Temple (0/1) D:6            Lair (5/5) D:9
 Shoals (4/4) Lair:3       Spider (4/4) Lair:2        Slime (0/5) Lair:5
    Orc (2/2) D:10            Elf (3/3) Orc:2        Vaults (4/5) D:13
  Crypt (0/3) Vaults:2     Depths (4/4) D:15            Zot (4/5) Depths:4

Altars:
Ashenzari
Cheibriados
Elyvilon
Kikubaaqudgha
Nemelex Xobeh
Qazlal
Ru
Sif Muna
Uskayaw
Wu Jian
Jiyva

Shops:
D:7 [   D:8 ([   D:10 *   D:12 *   D:14 ?   Orc:2 [:*!   Elf:1 ?   Vaults:3 ?
Vaults:4 [   Depths:1 :   Depths:3 =:=

Portals:
Hell: Depths:1 Depths:2 Depths:3 Depths:4
Abyss: Depths:3
Pandemonium: Orc:2 Depths:2 Depths:3
Ziggurat: Depths:3

Annotations:
D:10 2 runed translucent doors, exclusion: orange crystal statue
Elf:2 3 runed translucent doors
Vaults:1 corrupted
Vaults:3 36 runed translucent doors, corrupted
Zot:3 exclusion: downstairs
Abyss:1 Harold, Saint Roka, Sonja

...,**...#.#..*,*<,**,*#.#....#.#
.2.,,*#.#..#..,*,*,*,*,#..#.....#
..).,##..#.+..#,*,,*,,,#.#....#.#
.§..##..#..+...#,*,,,,*#..#...#.#
.##.d....#.+....*,,,,**#.#./..#.#
####....#..#....☼,,,** #..#...#.#
####.....#.##''f########.#....#†#
,*#?...!#......fzff.......#......
....##.....#.#.#@#.#.#.#.....##.#
.,,.##....#.#.#z#1#.#.#.#.#..#...
,,............f..........##..#..#
,...............####......#..#..#
,..###.......####..####.........#
*.,,*#...#####........##'##..#..#
**,,,#...#(..#........#...##...##
,**,.....#...+....#.).'[[.##..##
***#.....#[).#....#..)#...##.####


You could see a curse toe, a death cob, an Executioner (fast), 2 deathcaps and 3
wandering mushrooms.


Message History

You feel much better. The death cob barely misses you.
* * * LOW HITPOINT WARNING * * *
You block the Executioner's attack. x2
* * * LOW HITPOINT WARNING * * *
The Executioner barely misses you. The death cob barely misses you.
You block the deathcap's attack.
You block the wandering mushroom's attack.
You feel much better. You block the Executioner's attack. x2
* * * LOW HITPOINT WARNING * * *
The death cob drains your vigour!
You feel yourself slow down.
* * * LOW HITPOINT WARNING * * *
You block the Executioner's attack. You block the death cob's attack.
* * * LOW HITPOINT WARNING * * *
The Executioner barely misses you. The deathcap barely misses you.
The wandering mushroom releases spores at you but does no damage.
Unknown command.
Cast which spell? (? or * to list)
You miscast Blink.
You are very lightly contaminated with residual magic.
Nothing appears to happen.
The Executioner barely misses you.
You block the Executioner's attack. x2; You block the death cob's attack.
You block the Executioner's attack.
* * * LOW HITPOINT WARNING * * *
The death cob drains your vigour!
You feel as though you will be slow longer.
The curse toe gestures.
The wandering mushroom releases spores at you but does no damage.
The deathcap barely misses you.
You die...

Skill      XL: |  1  2  3  4  5  6  7  8  9 10 11 12 13 14 15 16 17 18 19 20 21 22 23 24 |
---------------+-------------------------------------------------------------------------+-----
Axes           | 4 5 6 7 9 11 13 14 16 18 19 20 | 20.0
Stealth        | 1 2 3 4 5 9 10 | 10.5
Armour         | 3 4 5 6 8 9 10 11 12 13 14 15 17 18 19 20 | 20.0
Dodging        | 3 4 5 6 9 10 | 10.0
Fighting       | 4 5 6 7 8 10 11 12 13 14 15 17 18 19 20 21 24 | 24.8
Invocations    | 1 3 5 7 8 9 10 11 12 | 12.0
Evocations     | 4 5 |  5.0
Shields        | 6 11 14 15 16 17 18 | 18.4
Translocations | 1 5 |  5.7
Spellcasting   | 5 |  5.8

Action                     |  1- 3 |  4- 6 |  7- 9 | 10-12 | 13-15 | 16-18 | 19-21 | 22-24 | 25-27 || total
---------------------------+-------+-------+-------+-------+-------+-------+-------+-------+-------++-------
  Melee: Hand axe          |    63 |   158 |       |       |       |       |       |       |       ||   221
         Kick              |    10 |    37 |    39 |   123 |   293 |   423 |   563 |   715 |    39 ||  2242
         Peck              |     5 |    20 |    16 |    71 |   189 |   316 |   370 |   442 |    27 ||  1456
         Punch             |       |     3 |       |       |       |       |       |       |       ||     3
         Battleaxe         |       |     5 |   137 |   375 |   831 |   196 |       |       |       ||  1544
         Broad axe         |       |       |       |       |       |   851 |  1248 |  1463 |    71 ||  3633
         Sacred scourge    |       |       |       |       |       |       |       |     3 |       ||     3
  Throw: Dart              |       |       |       |       |       |       |     6 |    19 |       ||    25
 Invoke: Berserk           |     2 |     3 |     2 |       |       |       |       |       |       ||     7
         Trog's Hand       |       |       |     2 |       |       |       |       |       |       ||     2
         Depart the Abyss  |       |       |     1 |       |       |       |       |     1 |       ||     2
         Banish            |       |       |       |     3 |     5 |     8 |     6 |     2 |       ||    24
         Corrupt           |       |       |       |       |       |       |     2 |       |       ||     2
         Brand Weapon With |       |       |       |       |       |       |     1 |       |       ||     1
  Evoke: Wand              |       |       |       |       |       |     5 |       |    11 |       ||    16
         Box of beasts     |       |       |       |       |       |     1 |       |     3 |       ||     4
         Phantom mirror    |       |       |       |       |       |     1 |       |     1 |       ||     2
    Use: Scroll            |       |    11 |    12 |     6 |     2 |    12 |    11 |    20 |       ||    74
         Potion            |       |       |     2 |     1 |     5 |     8 |     5 |     5 |     3 ||    29
   Stab: Sleeping          |       |       |     1 |     6 |       |       |     6 |     8 |       ||    21
         Invisible         |       |       |     3 |       |       |       |       |       |       ||     3
         Distracted        |       |       |       |       |       |    26 |     8 |     7 |       ||    41
 Armour: Animal skin       |    17 |       |       |       |       |       |       |       |       ||    17
         Ring mail         |    11 |    64 |    59 |   101 |       |       |       |       |       ||   235
         Leather armour    |     5 |       |       |       |       |       |       |       |       ||     5
         Plate armour      |       |       |       |    75 |   385 |   690 |   293 |       |       ||  1443
         Pearl dragon scal |       |       |       |       |       |       |   258 |       |       ||   258
         Storm dragon scal |       |       |       |       |       |       |    97 |    22 |       ||   119
         Fire dragon scale |       |       |       |       |       |       |       |   480 |       ||   480
         Gold dragon scale |       |       |       |       |       |       |       |   158 |   101 ||   259
  Dodge: Dodged            |    57 |   110 |   119 |   352 |   487 |   555 |   605 |   528 |    51 ||  2864
  Block: Other             |       |       |       |       |    91 |    35 |       |       |       ||   126
         Reflection        |       |       |       |       |    14 |    31 |    48 |    54 |       ||   147
         Kite shield       |       |       |       |       |       |   431 |   410 |       |       ||   841
         Tower shield      |       |       |       |       |       |       |   443 |  1256 |   108 ||  1807

Levels and vault maps discovered:
D:1:      minmay_arrival_four_circles, layout_rooms
D:2:      layout_rooms
D:3:      layout_rooms, nicolae_overflow_hallway_of_the_gods,
          hellmonk_ecumenical_altar_dog_temple, reono_crystal_passage,
          kennysheep_cross_room
D:4:      layout_loops_ring, nicolae_ru_path_of_blood, lemuel_crystal_altar
D:5:      layout_gridville, uniq_duvessa, uniq_blork_the_orc
D:6:      layout_loops_ring, temple_hall
D:7:      layout_basic, lemuel_round_altar, serial_shops, nicolae_square_shop
D:8:      layout_cave_pools, serial_gnoll_camp, gnoll_camp_mini_shop,
          gnoll_camp_mini_hut, gnoll_camp_mini_loothouse, gnoll_camp_huts_basic,
          gnoll_camp_mini_house, gnoll_camp_mini_shop, enter_bailey_7,
          nicolae_letterblocks [nicolae_letter_subblock,
          nicolae_letter_subblock, nicolae_letter_subblock,
          nicolae_letter_subblock, nicolae_letter_subblock,
          nicolae_letter_subblock, nicolae_letter_subblock,
          nicolae_letter_subblock, nicolae_letter_subblock,
          nicolae_letter_subblock, nicolae_letter_subblock,
          nicolae_letter_subblock, nicolae_letter_subblock,
          nicolae_letter_subblock, nicolae_letter_subblock,
          nicolae_letter_subblock, nicolae_letter_subblock,
          nicolae_letter_subblock, nicolae_letter_subblock,
          nicolae_letter_subblock, nicolae_letter_subblock,
          nicolae_letter_subblock, nicolae_letter_subblock,
          nicolae_letter_subblock, nicolae_letter_subblock]
D:9:      layout_roguey, due_lair_maze_entry_diamond, uniq_harold, uniq_joseph,
          uniq_erolcha
D:10:     layout_loops_ring, erik_orc_3, serial_shops,
          nicolae_shop_tiny_real_fake_doors, kennysheep_diamond,
          minmay_statue_crystal_thing
D:11:     layout_cross
D:12:     layout_irregular_city, serial_shops,
          nicolae_shop_pleasant_corner_grove, uniq_sonja
D:13:     layout_roguey, david_vaults_4, serial_park_tiny_pond
D:14:     layout_roguey [special_room_mythical_zoo], grunt_decor_mini_mirrors,
          serial_shops, shop, serial_aquarium, aquarium_bridge_long_separate
          [aquarium_subvault_bridge, aquarium_subvault_wall,
          aquarium_subvault_bridge, aquarium_subvault_bridge,
          aquarium_subvault_bridge, aquarium_subvault_wall],
          aquarium_window_corridor_2, aquarium_window_1, aquarium_window_fake,
          aquarium_window_fake, aquarium_view_2g, aquarium_view_2c,
          aquarium_pool_1, uniq_kirke
D:15:     grunt_enter_depths_snipers, layout_irregular_city
Lair:1:   layout_regular_city, nicolae_volcano_entry_vermiform,
          grunt_megastairs_2, infiniplex_staircase_pool_2, uniq_gastronok
Lair:2:   layout_loops_ring, nicolae_spider_entry_orb_guardian,
          infiniplex_staircase_pool
Lair:3:   layout_misc_corridors, mainiacjoe_shoals_entry_four_pools,
          gauntlet_entry_generic, pdpol_lair_cabin_in_the_woods, uniq_josephine
Lair:4:   layout_small_grid, guppyfry_lair_drakes
Lair:5:   grunt_lair_end_beastmaster, layout_gridlike,
          minmay_slime_entry_pillars, gammafunk_ghost_berserking_beasts,
          grunt_megastairs_3
Shoals:1: layout_shoals
Shoals:2: argonaut_golden_fleece, layout_shoals, ebering_ghost_inner_flame,
          lemuel_centaur_altar
Shoals:3: layout_shoals, yaktaur_hedge
Shoals:4: shoals_end_grunt_ice, layout_shoals,
          nicolae_shoals_the_drawing_of_the_three, uniq_bai_suzhen
Spider:1: layout_spider_delve, hangedman_spider_tarantella_strand
Spider:2: layout_spider_delve, nicolae_spider_twisty_arc_passages
Spider:3: layout_spider_delve, drop_trap, nicolae_spider_circle_web,
          uniq_donald, uniq_arachne
Spider:4: grunt_spider_rune_parallel
Orc:1:    layout_caves
Orc:2:    pf_orc_diabolical, layout_caves, uniq_saint_roka
Elf:1:    eino_elf_arrival_sip, layout_geoelf_grid, serial_shops,
          nicolae_shop_back_alley_shop, minmay_elf_annihilation
Elf:2:    nicolae_elf_blades_splatter_lattice [nicolae_blade_bullseye],
          layout_rooms, basic_altar, gammafunk_ghost_grave
Elf:3:    grunt_elf_hall_asides, layout_geoelf_diagonals, due_unseen_surprise
Vaults:1: nicolae_vaults_storage_closets_3, nicolae_vaults_more_shelving_1,
          nicolae_vaults_prndl, st_star, vaults_room_semicircle,
          hangedman_vaults_restitches, minmay_orc_keep,
          nicolae_vaults_closet_pinwheel_6, nicolae_vaults_little_squares_1,
          vaults_dpeg_ring, layout_vaults_omnicross, uniq_aizul
Vaults:2: nicolae_vaults_trapezoid_layered, v_misc_24, v_misc_25,
          hangedman_vaults_capsules, v_misc_11, nicolae_vaults_little_squares_1,
          nicolae_vaults_offset_grid_hallway_3,
          nicolae_vaults_door_testing_chamber, nicolae_vaults_house_1,
          layout_vaults_quadrants, minmay_crypt_entry_simple_round
Vaults:3: nicolae_vaults_tetromino_T_1, vaults_room_ringed_pool,
          nicolae_vaults_shelves_hall, ontoclasm_vaults_chip, door_vault,
          v_misc_10, nicolae_vaults_sealed_display, dpeg_vaults_monster_row,
          v_misc_9, nicolae_vaults_surprise_closet,
          nicolae_vaults_tetromino_L_1, nicolae_vaults_cochlea,
          nicolae_vaults_trapezoid_1, layout_vaults_omnibox, serial_shops,
          nicolae_shop_behind_doors, uniq_asterion, uniq_frederick
Vaults:4: ontoclasm_vaults_twist, vaults_room_semicircle, ontoclasm_vaults_spin,
          hangedman_vaults_stretched_pinwheel, nicolae_vaults_tangram_1,
          v_misc_29, vaults_room_semicircle, nicolae_vaults_turnstiles,
          vaults_room_large_hall, serial_library_hellmonk_angled_corner,
          v_pattern_3, layout_vaults_ring, serial_shops, nicolae_shop_mannequins
Depths:1: layout_cave_pools, hangedman_coc_ice_floe, serial_shops, shop_statue,
          minmay_shattered_shrine
Depths:2: evilmike_wizard_prison, layout_cave_pools, hell_entry,
          nzn_wu_jian_contemplation, pan_entry, minmay_staircase_windowed_large,
          uniq_josephina
Depths:3: nzn_winding_woodlands_small [nzn_winding_woodlands_5x15_longhouse,
          nzn_winding_woodlands_center_diamonds,
          nzn_winding_woodlands_5x15_eye], layout_cave_pools, enter_ziggurat_f,
          hangedman_tar_grid_catacomb, abyss_entry, rand_demon_pan_entry_9,
          minmay_shop_grove, minmay_staircase_statues, uniq_xtahua, uniq_margery
Depths:4: grunt_bruiser_brothers, layout_gridlike, hell_entry, hex_medium
Zot:1:    nicolae_zot_stationary_front, layout_gridville, lemuel_flame_loot_1
Zot:2:    layout_concentric_octagons, ebering_ghost_gozag, zot_minivault_5,
          regret_index_zotdec_banners
Zot:3:    layout_gridlike, regret_index_zotdec_magical_s, grunt_megastairs_5
Zot:4:    regret_index_zot_pan_timeshare, layout_basic, ebering_ghost_xom

Notes
Turn   | Place    | Note
-------+----------+-------------------------------------------
     0 | D:1      | Ruich the Tengu Berserker began the quest for the Orb.
     0 | D:1      | Reached XP level 1. HP: 14/14 MP: 2/2
    55 | D:1      | Reached XP level 2. HP: 19/19 MP: 3/3
   273 | D:1      | Reached XP level 3. HP: 23/23 MP: 4/4
   276 | D:1      | HP: 2/23 [frozen (4)]
   559 | D:1      | Reached ** piety under Trog
   711 | D:2      | Reached skill level 4 in Axes
   712 | D:2      | Reached XP level 4. HP: 26/28 MP: 5/5
   750 | D:2      | Reached skill level 1 in Stealth
  1082 | D:3      | Found a white marble altar of Elyvilon.
  1135 | D:3      | Reached skill level 3 in Armour
  1265 | D:3      | Found a broken altar of Ashenzari.
  1278 | D:3      | Found an ornate altar of the Wu Jian Council.
  1278 | D:3      | Found a sparkling altar of Nemelex Xobeh.
  1286 | D:3      | Found a snail-covered altar of Cheibriados.
  1323 | D:3      | Found a faded altar of an unknown god.
  1353 | D:3      | Reached skill level 3 in Dodging
  1353 | D:3      | Reached XP level 5. HP: 32/32 MP: 6/6
  1911 | D:4      | Found a hide-covered altar of Uskayaw.
  1966 | D:4      | Reached skill level 2 in Stealth
  1969 | D:4      | Reached XP level 6. HP: 26/38 MP: 7/7
  1975 | D:4      | Reached skill level 5 in Axes
  2097 | D:4      | Reached *** piety under Trog
  2476 | D:4      | Reached skill level 4 in Fighting
  2813 | D:4      | Found a sacrificial altar of Ru.
  2816 | D:4      | Identified a scroll of acquirement
  2816 | D:4      | Acquired the +9 battleaxe of Disembowelment {speed, *Noise
                  | Fly rPois}
  2850 | D:5      | Entered Level 5 of the Dungeon
  2860 | D:5      | Noticed Dowan
  2862 | D:5      | Noticed Duvessa
  2866 | D:5      | Killed Dowan
  2867 | D:5      | Noticed Blork the orc
  2869 | D:5      | Killed Duvessa
  2870 | D:5      | Reached skill level 4 in Armour
  2870 | D:5      | Gained mutation: Your magical flight helps you evade
                  | attacks. (EV +4) [Tengu growth]
  2870 | D:5      | Reached XP level 7. HP: 31/43 MP: 8/8
  2874 | D:5      | Killed Blork the orc
  2875 | D:5      | Reached skill level 3 in Stealth
  2990 | D:5      | Reached skill level 4 in Dodging
  3136 | D:5      | Reached skill level 6 in Axes
  3346 | D:5      | Reached XP level 8. HP: 48/48 MP: 9/9
  3804 | D:6      | Found a staircase to the Ecumenical Temple.
  4049 | D:6      | Noticed a wraith
  4054 | D:6      | Reached skill level 5 in Fighting
  4054 | D:6      | Reached skill level 7 in Axes
  4054 | D:6      | Reached skill level 4 in Stealth
  4055 | D:6      | Reached skill level 5 in Armour
  4057 | D:6      | Killed a wraith
  4058 | D:6      | Reached skill level 5 in Dodging
  4108 | D:6      | Identified the +0 robe of Wu Jian's Respect {Int+2}
  4565 | D:7      | Reached XP level 9. HP: 39/54 MP: 10/10
  4809 | D:7      | Reached skill level 8 in Axes
  4813 | D:7      | Reached **** piety under Trog
  5185 | D:7      | Reached skill level 5 in Stealth
  5190 | D:7      | Reached skill level 6 in Armour
  5322 | D:7      | Found Uloch's Armour Shop.
  5337 | D:7      | Bought a +0 pair of gloves for 49 gold pieces
  5411 | D:7      | Found an ancient bone altar of Kikubaaqudgha.
  5820 | D:8      | Reached skill level 6 in Fighting
  5917 | D:8      | Reached skill level 6 in Dodging
  5930 | D:8      | You are cast into the Abyss!
  5930 | Abyss:1  | Cast into level 1 of the Abyss (gnoll)
  6011 | Abyss:2  | Found a corrupted altar of Lugonu.
  6012 | Abyss:2  | Noticed a large abomination
  6014 | Abyss:2  | Fell from the grace of Trog
  6014 | Abyss:2  | Became a worshipper of Lugonu the Unformed
  6014 | Abyss:2  | Reached * piety under Lugonu
  6014 | Abyss:2  | Reached ** piety under Lugonu
  6015 | D:8      | You pass through the gate.
  6015 | D:8      | Escaped the Abyss
  6021 | D:8      | Reached skill level 9 in Axes
  6108 | D:8      | Noticed a hornet
  6130 | D:8      | Killed a hornet
  6131 | D:8      | Reached skill level 1 in Invocations
  6421 | D:8      | Reached XP level 10. HP: 60/61 MP: 12/12
  6454 | D:8      | Found Hinn's Antique Weapon Shoppe.
  6660 | D:8      | Banished a two-headed ogre
  6847 | D:8      | Found Roaxulasue's Armour Emporium.
  6895 | D:8      | Banished a two-headed ogre
  7254 | D:8      | Identified the ring "Enerch" {AC+4 Str+2 Dex+2}
  7264 | D:8      | Reached skill level 2 in Invocations
  7580 | D:9      | Reached skill level 10 in Axes
  7580 | D:9      | Reached skill level 7 in Armour
  7663 | D:9      | Noticed Erolcha
  8596 | D:9      | Banished Erolcha
  8597 | D:9      | Reached skill level 7 in Fighting
  8787 | D:9      | Noticed Harold
  8789 | D:9      | Banished Harold
  8790 | D:9      | Reached skill level 3 in Invocations
  9108 | D:9      | Reached skill level 11 in Axes
  9111 | D:9      | Found a staircase to the Lair.
  9119 | D:9      | Reached skill level 8 in Armour
  9320 | D:9      | Banished a two-headed ogre
  9413 | D:9      | Noticed Joseph
  9423 | D:9      | Killed Joseph
  9424 | D:9      | Reached XP level 11. HP: 36/68 MP: 14/14
  9546 | D:9      | Reached skill level 4 in Invocations
  9963 | D:10     | Entered Level 10 of the Dungeon
 10033 | D:10     | Found a staircase to the Orcish Mines.
 10033 | D:10     | Noticed a cyclops
 10037 | D:10     | Reached skill level 8 in Fighting
 10041 | D:10     | Killed a cyclops
 10058 | D:10     | Reached *** piety under Lugonu
 10355 | D:10     | Found Tanieczups's General Store.
 10463 | D:10     | Noticed a two-headed ogre
 10471 | D:10     | Killed a two-headed ogre
 10472 | D:10     | Reached skill level 12 in Axes
 10803 | D:10     | Found a runed translucent door.
 10815 | D:10     | Found a runed translucent door.
 10829 | D:10     | Found a runed translucent door.
 10843 | D:10     | Found a runed translucent door.
 10917 | D:10     | Noticed a two-headed ogre
 10928 | D:10     | Killed a two-headed ogre
 10933 | D:10     | Reached skill level 5 in Invocations
 11115 | D:10     | Noticed an orange crystal statue
 11438 | D:11     | Noticed a two-headed ogre
 11445 | D:11     | Killed a two-headed ogre
 11446 | D:11     | Reached skill level 9 in Armour
 11571 | D:11     | Noticed a boulder beetle
 11588 | D:11     | Killed a boulder beetle
 11589 | D:11     | Reached skill level 13 in Axes
 11596 | D:11     | Noticed a purple ugly thing
 11597 | D:11     | Reached XP level 12. HP: 30/75 MP: 15/17
 11849 | D:11     | Reached skill level 9 in Fighting
 12514 | D:9      | Noticed a two-headed ogre
 12517 | D:9      | Killed a two-headed ogre
 12697 | Lair:1   | Entered Level 1 of the Lair of Beasts
 12732 | Lair:1   | Noticed a death yak
 12740 | Lair:1   | Killed a death yak
 12858 | Lair:1   | Reached skill level 6 in Invocations
 12964 | Lair:1   | Banished a two-headed ogre
 12964 | Lair:1   | Banished a two-headed ogre
 12964 | Lair:1   | Banished a two-headed ogre
 13137 | Lair:1   | Reached skill level 10 in Armour
 13276 | Lair:1   | Noticed Gastronok
 13294 | Lair:1   | Killed Gastronok
 13295 | Lair:1   | Reached skill level 14 in Axes
 13421 | Lair:1   | Found a dark tunnel.
 13695 | Lair:1   | Paralysed by Trog for 2 turns
 13936 | Lair:2   | Reached **** piety under Lugonu
 13944 | Lair:2   | Banished a two-headed ogre
 13995 | Lair:2   | Banished a two-headed ogre
 13995 | Lair:2   | Banished a two-headed ogre
 14009 | Lair:2   | Identified a potion of resistance
 14028 | Lair:2   | Noticed a boulder beetle
 14035 | Lair:2   | Killed a boulder beetle
 14044 | Lair:2   | You are sucked into a shaft and drop 2 floors!
 14147 | Lair:3   | Reached skill level 10 in Fighting
 14251 | Lair:4   | Reached skill level 7 in Invocations
 14251 | Lair:4   | Reached XP level 13. HP: 43/82 MP: 19/19
 14391 | Lair:3   | Reached skill level 15 in Axes
 14491 | Lair:1   | CougarLife: so im learning extended on a seed i found to be
                  | pretty decent for it, do you think death form is something
                  | i should strive for for tomb?
 14493 | Lair:2   | CougarLife: i dont have it after clearing pan
 14493 | Lair:2   | CougarLife: never been in any of the hell branches before
                  | dunno if i need it for that
 14493 | Lair:2   | Ruich: yeah tomb is pretty scary, but you should be able to
                  | clear hell if you cleared pan i think
 14493 | Lair:2   | CougarLife: thats what i was thinking
 14493 | Lair:2   | CougarLife: pan was pretty easy, seemed that way anyway
 14493 | Lair:2   | Ruich: hell is a bit harder than pan i think but a lot of
                  | people do it first because its more predictable
 14493 | Lair:2   | CougarLife: feel like mob density in pan could be a lot
                  | higher cuz its so easy with no mobs swarming ever
 14493 | Lair:2   | CougarLife: like i never really ran into a pack of monsters
                  | more than 3 at a time outside of a vault
 14493 | Lair:2   | Ruich: i think most of the pan floors are easy but you can
                  | randomly get a really hard level and get screwed
 14493 | Lair:2   | CougarLife: even in the unique 5 rune vaults
 14493 | Lair:2   | CougarLife: yeah thats what i was gathering from the wiki
 14493 | Lair:2   | CougarLife: u can just get a random panlord that fucks your
                  | build hard
 14493 | Lair:2   | Ruich: tombs you will need a backup to deal with silence if
                  | i remember correctly
 14493 | Lair:2   | Ruich: train up a weapon or throwing or something
 14493 | Lair:2   | CougarLife: none of the lords i ran into had silence
 14493 | Lair:2   | CougarLife: got lucky i guess
 14493 | Lair:2   | CougarLife: if they did i clapped them quick
 14493 | Lair:2   | Ruich: i think some of the mummys in tombs have it
 14493 | Lair:2   | CougarLife: yeah i think so too
 14493 | Lair:2   | CougarLife: i have ignition tho so i feel like the mob
                  | density of tomb should make it pretty strong
 14493 | Lair:2   | CougarLife: also immolation scrolls
 14493 | Lair:2   | CougarLife: if i feel like ignition isnt enough
 14493 | Lair:2   | CougarLife: the one big lvl 9 spell i dont have is polar
                  | vortex
 14493 | Lair:2   | CougarLife: i have the other 3 big ones
 14818 | Lair:2   | Reached skill level 11 in Armour
 14923 | Lair:2   | Found a hole to the Spider Nest.
 15599 | Lair:2   | Was forgiven by Trog
 15712 | Lair:2   | Identified the serpent talisman of Cyhap {rC+ Dex+3}
 15833 | Lair:2   | CougarLife: oh death form doesnt meld anything i thought it
                  | melded armor atleast
 15833 | Lair:2   | CougarLife: yeah ill train shapeshifting in hell i guess,
                  | if thats not enough i can go back to pan i guess
 15833 | Lair:2   | Ruich: maybe thinking of statue form
 15833 | Lair:2   | CougarLife: yeah potentially
 15833 | Lair:2   | Ruich: statue is decent too but it slows you and only half
                  | torment resist i think
 15835 | Lair:2   | Ruich: ??serpent talisman
 15835 | Lair:2   | beem: serpent form[1/1]: You're a snake! Size Large (like
                  | an ogre), bonus AC and +20% HP, some extra UC damage and
                  | constriction. Also, no equipment. Amphibious and
                  | cold-blooded, like the monster anacondae. New in 0.31.
 15835 | Lair:2   | CougarLife: yeah you would be correct
 16074 | Lair:3   | Found a runed translucent door.
 16074 | Lair:3   | Noticed a reaper
 16095 | Lair:3   | Noticed Josephine
 16097 | Lair:3   | Banished Josephine
 16375 | Lair:3   | Reached skill level 8 in Invocations
 16431 | Lair:3   | Reached skill level 16 in Axes
 16635 | Lair:3   | Found a staircase to the Shoals.
 16832 | Lair:3   | Banished a reaper
 17006 | Lair:4   | Reached skill level 11 in Fighting
 17014 | Lair:4   | Reached XP level 14. HP: 90/90 MP: 21/21
 17280 | Lair:4   | Reached ***** piety under Lugonu
 17305 | Lair:4   | Reached skill level 17 in Axes
 18106 | Lair:5   | Entered Level 5 of the Lair of Beasts
 18106 | Lair:5   | Found a transporter.
 18121 | Lair:5   | Reached skill level 9 in Invocations
 18482 | Lair:5   | Found a transporter.
 18489 | Lair:5   | Noticed brilapsti's ghost (journeyman DrMo)
 18798 | Lair:5   | Found a staircase to the Slime Pits.
 18798 | Lair:5   | Found a viscous altar of Jiyva.
 18980 | Lair:5   | Reached skill level 12 in Fighting
 19450 | Lair:5   | Reached skill level 18 in Axes
 19450 | Lair:5   | Reached skill level 12 in Armour
 20017 | Lair:5   | Reached XP level 15. HP: 93/96 MP: 23/23
 20167 | Lair:5   | CougarLife: if you kill the moth quick should be an easy
                  | vault
 20185 | Lair:5   | Killed brilapsti's ghost
 20199 | Lair:5   | Identified the +0 leather armour of Vuzoas {Slay+2}
 20522 | Orc:1    | Entered Level 1 of the Orcish Mines
 20999 | Orc:1    | Reached skill level 1 in Evocations
 20999 | Orc:1    | Reached ****** piety under Lugonu
 21002 | Orc:1    | Reached skill level 10 in Invocations
 21343 | Orc:2    | Entered Level 2 of the Orcish Mines
 21399 | Orc:2    | Found a staircase to the Elven Halls.
 22746 | Orc:2    | Reached skill level 2 in Evocations
 22772 | Orc:2    | Found Goomoyg's General Store.
 22774 | Orc:2    | Found Betsuupu's Distillery.
 22872 | Orc:2    | Noticed Saint Roka
 22873 | Orc:2    | Banished Saint Roka
 23567 | Orc:2    | Reached skill level 3 in Evocations
 24274 | Orc:2    | Reached skill level 19 in Axes
 24912 | Orc:2    | Found Paanwix's Book Boutique.
 24912 | Orc:2    | Found Dyrghul's Antique Armour Shop.
 24913 | Orc:2    | Found a one-way gate leading to the halls of Pandemonium.
 24922 | Orc:2    | Reached skill level 13 in Fighting
 25174 | Spider:1 | Entered Level 1 of the Spider Nest
 25550 | Spider:1 | Reached skill level 13 in Armour
 25564 | Spider:1 | Reached skill level 4 in Evocations
 26367 | Spider:1 | Reached XP level 16. HP: 74/104 MP: 24/24
 26978 | Spider:1 | CougarLife: is there an order for hte branches of hell you
                  | like to do them in
 26981 | Spider:1 | Ruich: not sure its been a long time since i did a 15 rune
                  | run
 27303 | Spider:1 | Reached skill level 5 in Evocations
 28100 | Spider:2 | Identified the +0 cloak of Zin's Righteous Fury {rPois
                  | Will+}
 28335 | Spider:2 | Reached skill level 20 in Axes
 29582 | Spider:3 | Noticed Donald
 29587 | Spider:3 | Reached skill level 14 in Armour
 29600 | Spider:3 | Killed Donald
 29823 | Spider:3 | Reached skill level 1 in Shields
 29826 | Spider:3 | Reached skill level 14 in Fighting
 29837 | Spider:3 | Reached skill level 2 in Shields
 29936 | Spider:3 | Noticed Arachne
 30212 | Spider:2 | Killed Arachne
 30391 | Spider:3 | Identified the +10 falchion of Symmetry {venom, rC+ Dex+5}
 30421 | Spider:3 | Reached skill level 3 in Shields
 30674 | Spider:3 | Reached skill level 4 in Shields
 31144 | Spider:4 | Entered Level 4 of the Spider Nest
 31376 | Spider:4 | Reached skill level 5 in Shields
 31728 | Spider:4 | Reached skill level 6 in Shields
 31803 | Spider:4 | Reached XP level 17. HP: 112/112 MP: 25/25
 31956 | Spider:4 | Reached skill level 7 in Shields
 32542 | Spider:4 | Reached skill level 8 in Shields
 32566 | Spider:4 | Reached skill level 15 in Fighting
 33214 | Spider:4 | Got a gossamer rune of Zot
 33459 | Shoals:1 | Entered Level 1 of the Shoals
 33609 | Shoals:1 | Reached skill level 9 in Shields
 34006 | Shoals:1 | Reached skill level 10 in Shields
 34688 | Shoals:2 | Found a runed translucent door.
 35143 | Shoals:2 | Noticed a kraken
 35151 | Shoals:2 | Killed a kraken
 35395 | Shoals:2 | Reached skill level 11 in Shields
 35397 | Shoals:2 | Found a stormy altar of Qazlal.
 35877 | Shoals:2 | Noticed case's ghost (adept MiBe)
 36064 | Shoals:2 | Killed case's ghost
 36267 | Shoals:3 | Reached XP level 18. HP: 117/120 MP: 26/26
 36526 | Shoals:3 | Reached skill level 16 in Fighting
 36636 | Shoals:3 | Reached skill level 12 in Shields
 37066 | Shoals:4 | Entered Level 4 of the Shoals
 38056 | Shoals:4 | Reached skill level 13 in Shields
 38060 | Shoals:4 | Noticed Bai Suzhen
 38252 | Shoals:4 | Banished Bai Suzhen
 38578 | Shoals:4 | Got a barnacled rune of Zot
 39671 | Shoals:4 | Reached skill level 14 in Shields
 40323 | D:12     | Noticed Sonja
 40324 | D:12     | Banished Sonja
 40478 | D:12     | Found Wirgham's General Store.
 41146 | D:13     | You are sucked into a shaft and drop 2 floors!
 41146 | D:15     | Entered Level 15 of the Dungeon
 41283 | D:15     | Reached skill level 17 in Fighting
 41678 | D:14     | Noticed Kirke
 41713 | D:14     | Killed Kirke
 41831 | D:14     | Found Zyne's Magic Scroll Shop.
 41841 | D:14     | Bought a scroll of enchant weapon for 127 gold pieces
 41841 | D:14     | Bought a scroll of enchant armour for 127 gold pieces
 41931 | D:14     | Reached XP level 19. HP: 128/128 MP: 27/27
 41967 | D:14     | Reached skill level 6 in Stealth
 42409 | D:13     | Identified the +1 leather armour of Parts Unknown {Harm
                  | Will- Regen+}
 42827 | D:13     | Found a gate to the Vaults.
 43944 | D:15     | Found a staircase to the Depths.
 44133 | Vaults:1 | Entered Level 1 of the Vaults
 44178 | Vaults:1 | Reached skill level 7 in Stealth
 44654 | Vaults:1 | Reached skill level 15 in Armour
 44661 | Vaults:1 | Noticed a tentacled monstrosity
 44667 | Vaults:1 | Corrupted Vaults:1
 44669 | Vaults:1 | Killed a tentacled monstrosity
 45089 | Vaults:1 | Reached skill level 15 in Shields
 45104 | Vaults:1 | HP: 3/129 [vault guard/+0 long sword[a vault warden] (13)]
 45112 | Vaults:1 | Reached skill level 8 in Stealth
 45809 | Vaults:1 | Identified the serpent talisman "Zooffiy" {rF+ Dex+5}
 45809 | Vaults:1 | Noticed Aizul
 45819 | Vaults:1 | Killed Aizul
 46113 | Vaults:1 | Reached skill level 18 in Fighting
 46615 | Vaults:1 | Identified a +7 broad axe of distortion (a +5 spectral
                  | broad axe corrupted by Lugonu)
 46615 | Vaults:1 | Received a gift from Lugonu
 46850 | Vaults:2 | Reached skill level 9 in Stealth
 47309 | Vaults:2 | Reached XP level 20. HP: 57/136 MP: 28/28
 47766 | Vaults:2 | Found a staircase to the Crypt.
 47766 | Vaults:2 | Noticed a curse skull
 47771 | Vaults:2 | CougarLife: :) i died to malevolent forces
 47771 | Vaults:2 | CougarLife: fun game :)
 47771 | Vaults:2 | CougarLife: had 13 runes on the last floor of dis
 47771 | Vaults:2 | CougarLife: think im done with this garbage for a while
 47771 | Vaults:2 | CougarLife: no desire to do extended anymore no reason its
                  | not as interesting as i thought it would be
 47771 | Vaults:2 | CougarLife: maybe try to get into megazigs when i return if
                  | i do
 47799 | Vaults:2 | Reached skill level 16 in Armour
 47860 | Vaults:2 | Banished a curse skull
 48811 | Vaults:3 | HP: 4/137 [yaktaur captain/bolt (23)]
 49438 | Vaults:3 | Reached skill level 10 in Stealth
 49660 | Vaults:3 | Found Niom's Magic Scroll Emporium.
 49668 | Vaults:3 | Bought a scroll of brand weapon for 161 gold pieces
 49668 | Vaults:3 | Bought a scroll of enchant armour for 127 gold pieces
 49668 | Vaults:3 | Bought a scroll of revelation for 127 gold pieces
 49668 | Vaults:3 | Bought a scroll of fear for 68 gold pieces
 49668 | Vaults:3 | Bought a scroll of enchant weapon for 127 gold pieces
 49818 | D:10     | Bought a +1 broad axe of venom for 153 gold pieces
 49818 | D:10     | Bought a potion of curing for 39 gold pieces
 50194 | Shoals:2 | Identified the +1 animal skin of Gozag's Pride {rPois rC+
                  | MP+9}
 50453 | Orc:2    | Bought shiny pearl dragon scales for 2654 gold pieces
 50453 | Orc:2    | Identified +1 pearl dragon scales (You bought it in a shop
                  | on level 2 of the Orcish Mines)
 50731 | Vaults:3 | Found a huge runed translucent gate.
 50731 | Vaults:3 | Found a huge runed translucent gate.
 50731 | Vaults:3 | Found a huge runed translucent gate.
 50731 | Vaults:3 | Found a huge runed translucent gate.
 50731 | Vaults:3 | Found a huge runed translucent gate.
 50731 | Vaults:3 | Found a huge runed translucent gate.
 50731 | Vaults:3 | Found a huge runed translucent gate.
 50731 | Vaults:3 | Found a huge runed translucent gate.
 50731 | Vaults:3 | Found a huge runed translucent gate.
 50731 | Vaults:3 | Found a huge runed translucent gate.
 50732 | Vaults:3 | Found a huge runed translucent gate.
 50733 | Vaults:3 | Found a huge runed translucent gate.
 50733 | Vaults:3 | Found a huge runed translucent gate.
 50734 | Vaults:3 | Found a huge runed translucent gate.
 50734 | Vaults:3 | Found a huge runed translucent gate.
 50735 | Vaults:3 | Found a huge runed translucent gate.
 50735 | Vaults:3 | Found a huge runed translucent gate.
 50738 | Vaults:3 | Found a huge runed translucent gate.
 50739 | Vaults:3 | Found a huge runed translucent gate.
 50740 | Vaults:3 | Found a huge runed translucent gate.
 50740 | Vaults:3 | Found a huge runed translucent gate.
 50774 | Vaults:3 | Found a huge runed translucent gate.
 50775 | Vaults:3 | Found a huge runed translucent gate.
 50775 | Vaults:3 | Found a huge runed translucent gate.
 50775 | Vaults:3 | Found a huge runed translucent gate.
 50775 | Vaults:3 | Found a huge runed translucent gate.
 50777 | Vaults:3 | Found a huge runed translucent gate.
 50778 | Vaults:3 | Found a huge runed translucent gate.
 50779 | Vaults:3 | Found a huge runed translucent gate.
 50779 | Vaults:3 | Found a huge runed translucent gate.
 50784 | Vaults:3 | Found a huge runed translucent gate.
 50785 | Vaults:3 | Found a huge runed translucent gate.
 50785 | Vaults:3 | Found a huge runed translucent gate.
 50785 | Vaults:3 | Found a huge runed translucent gate.
 50785 | Vaults:3 | Found a huge runed translucent gate.
 50818 | Vaults:3 | Found a huge runed translucent gate.
 50929 | Vaults:3 | Reached skill level 7 in Dodging
 51236 | Vaults:3 | Noticed Asterion
 51239 | Vaults:3 | Banished Asterion
 51805 | Vaults:3 | Identified the orb "Qipp" {light, rC++ Int+4}
 51805 | Vaults:3 | Noticed Frederick
 51838 | Vaults:3 | Killed Frederick
 52397 | Vaults:3 | Reached skill level 8 in Dodging
 53177 | Vaults:3 | Corrupted Vaults:3
 53901 | Vaults:4 | Reached skill level 19 in Fighting
 54036 | Vaults:4 | Reached skill level 17 in Armour
 54343 | Vaults:4 | Found Mejed's Armour Boutique.
 54545 | Vaults:4 | Reached skill level 9 in Dodging
 55045 | Vaults:4 | Reached XP level 21. HP: 144/144 MP: 29/29
 55446 | Depths:1 | Entered Level 1 of the Depths
 56646 | Depths:1 | Noticed a caustic shrike
 56660 | Depths:1 | Killed a caustic shrike
 57296 | Depths:1 | Found Gepp's Book Boutique.
 57384 | Depths:1 | Found a gateway to Hell.
 57733 | Depths:2 | Reached skill level 10 in Dodging
 58266 | Depths:2 | Reached skill level 11 in Invocations
 58967 | Depths:2 | Found an ornate altar of the Wu Jian Council.
 59180 | Depths:2 | Found a runed door.
 59183 | Depths:2 | Noticed a curse skull
 59190 | Depths:2 | Killed a curse skull
 59271 | Depths:2 | Reached skill level 18 in Armour
 59896 | Depths:2 | Noticed an ancient lich
 59908 | Depths:2 | Killed an ancient lich
 60166 | Depths:2 | Identified the amulet of Jiquroh {Spirit Int-2 Dex+5}
 60211 | Depths:2 | Identified the ring of Lady Luck {Str+6 Int+5}
 60268 | Depths:2 | Reached skill level 16 in Shields
 60384 | Depths:2 | Identified the ring of Dyetsixi {rC++ rN+ Str-3 Int+3
                  | Slay+4}
 60746 | Depths:3 | Noticed Xtahua
 60770 | Depths:3 | Killed Xtahua
 61232 | Depths:3 | Reached XP level 22. HP: 104/152 MP: 31/31
 61390 | Depths:3 | Noticed Margery
 61411 | Depths:3 | Killed Margery
 61620 | Depths:3 | Reached skill level 20 in Fighting
 62836 | Depths:3 | Identified the +4 whip of War {freeze, *Rage rF+++ rC-
                  | rCorr Dex+4}
 62973 | Depths:3 | Reached skill level 12 in Invocations
 62992 | Depths:3 | Found Faclomm's Jewellery Shoppe.
 62993 | Depths:3 | Found Guewod's Book Shop.
 62994 | Depths:3 | Found Inatetio's Jewellery Shoppe.
 63073 | Depths:3 | Noticed a dread lich
 63092 | Depths:3 | Killed a dread lich
 63229 | Depths:3 | Found a one-way gate to the infinite horrors of the Abyss.
 63231 | Depths:3 | Found a one-way gateway to a ziggurat.
 63563 | Depths:4 | Entered Level 4 of the Depths
 65462 | Depths:4 | Reached skill level 19 in Armour
 65826 | Depths:4 | Identified a +0 robe of resistance
 66208 | Depths:4 | Reached skill level 17 in Shields
 67961 | Depths:4 | Found a gate to the Realm of Zot.
 68282 | Elf:1    | Entered Level 1 of the Elven Halls
 68285 | Elf:1    | Paralysed by an air elemental for 1 turns
 68294 | Elf:1    | Paralysed by an air elemental for 1 turns
 68986 | Elf:1    | Found Pipexa Wikh's Magic Scroll Shop.
 69011 | Elf:1    | Bought a scroll of fog for 48 gold pieces
 69011 | Elf:1    | Bought a scroll of fog for 48 gold pieces
 69011 | Elf:1    | Bought a scroll of fog for 48 gold pieces
 69468 | Elf:1    | Got the Encyclopedia of Fulmination
 69474 | Elf:1    | Learned a level 2 spell: Blink
 70047 | Elf:2    | Noticed olmar's ghost (adept NaAl)
 70047 | Elf:2    | Found a runed translucent door.
 70072 | Elf:2    | Killed olmar's ghost
 70073 | Elf:2    | Reached skill level 1 in Translocations
 70074 | Elf:2    | Identified the +1 ring mail of Vouwione {Dex+2}
 70332 | Elf:2    | Reached XP level 23. HP: 159/159 MP: 33/33
 70456 | Elf:2    | Found an ancient bone altar of Kikubaaqudgha.
 71203 | Elf:2    | Reached skill level 2 in Translocations
 71322 | Elf:2    | Found a runed translucent gate.
 71322 | Elf:2    | Found a runed translucent gate.
 71322 | Elf:2    | Found a runed translucent gate.
 71439 | Elf:3    | Entered Level 3 of the Elven Halls
 71455 | Elf:3    | Reached skill level 3 in Translocations
 72181 | Elf:3    | Reached skill level 4 in Translocations
 72615 | Elf:3    | Identified the ring "Maguareu" {Fire rN+ Str+3 Int+3}
 72771 | Elf:3    | Reached skill level 5 in Translocations
 73079 | Elf:3    | Reached skill level 21 in Fighting
 73318 | Elf:3    | Identified the +3 war axe of Guilt {elec, Will+ Str+5}
 73318 | Elf:3    | Identified the ring "Qomosu" {rElec rC+ MP+9}
 74226 | Elf:3    | Identified the +2 short sword "Firchiuck" {protect, rF+}
 75240 | Elf:3    | Reached skill level 20 in Armour
 76546 | Elf:3    | Identified the staff of the Gloaming {rC+ Int+2 Ice}
 76552 | Elf:3    | Got Syejanoh's Anthology of Green Topology
 76882 | Elf:3    | Learned a level 2 spell: Lesser Beckoning
 76884 | Elf:3    | Learned a level 1 spell: Apportation
 76889 | Elf:3    | Learned a level 4 spell: Passage of Golubria
 77210 | Depths:3 | Voluntarily entered the Abyss.
 77210 | Abyss:2  | Found a corrupted altar of Lugonu.
 77221 | Abyss:2  | Found a corrupted altar of Lugonu.
 77467 | Abyss:4  | Found a corrupted altar of Lugonu.
 77514 | Abyss:4  | Killed Josephine
 77515 | Abyss:4  | Reached skill level 1 in Spellcasting
 77578 | Abyss:4  | Killed Erolcha
 77579 | Abyss:4  | Reached skill level 2 in Spellcasting
 77581 | Abyss:4  | Reached skill level 18 in Shields
 77729 | Abyss:4  | Reached skill level 3 in Spellcasting
 77855 | Abyss:4  | Found a glowing golden altar of the Shining One.
 77903 | Abyss:4  | Noticed a juggernaut
 77916 | Abyss:4  | Killed a juggernaut
 77932 | Abyss:4  | Reached skill level 4 in Spellcasting
 77938 | Abyss:4  | Got an abyssal rune of Zot
 77939 | Depths:3 | You pass through the gate.
 77939 | Depths:3 | Escaped the Abyss
 78153 | Zot:1    | Entered Level 1 of the Realm of Zot
 78661 | Zot:1    | Noticed a curse toe
 78690 | Zot:1    | Killed a curse toe
 79175 | Zot:1    | Noticed a golden dragon
 79745 | Zot:1    | Reached skill level 5 in Spellcasting
 80836 | Depths:4 | Killed a golden dragon
 82385 | Zot:1    | Reached XP level 24. HP: 164/167 MP: 33/33
 83858 | Zot:1    | Reached skill level 22 in Fighting
 84428 | Zot:2    | Noticed an electric golem
 84439 | Zot:2    | Killed an electric golem
 84740 | Zot:2    | Noticed a curse toe
 86931 | Zot:2    | Killed a curse toe
 88469 | Zot:1    | Gained mutation: You occasionally lose the ability to read
                  | scrolls when taking damage. [mutagenic glow]
 89177 | Zot:1    | Reached skill level 23 in Fighting
 90818 | Zot:1    | Glimpsed the power of Zot.
 92075 | Zot:3    | Noticed a Killer Klown
 93113 | Zot:3    | Found a shimmering blue altar of Sif Muna.
 93129 | Zot:3    | Found a shimmering blue altar of Sif Muna.
 93146 | Zot:3    | Reached skill level 24 in Fighting
 93230 | Zot:3    | Killed a Killer Klown
 94519 | Zot:4    | Reached XP level 25. HP: 180/180 MP: 33/33
 95110 | Zot:4    | Noticed a curse toe
 95122 | Zot:4    | HP: 18/180 [deathcap[a curse toe] (14)]
 95125 | Zot:4    | Slain by an Executioner

Vanquished Creatures
  Frederick (Vaults:3)
  A dread lich (Depths:3)
  An ancient lich (Depths:2)
  Xtahua (Depths:3)
  A juggernaut (Abyss:4)
  A Killer Klown (Zot:3)
  Margery (Depths:3)
  2 curse toes
  A caustic shrike (Depths:1)
  7 golden dragons
  Arachne (Spider:2)
  An electric golem (Zot:2)
  A hellephant (Depths:3)
  12 tentacled monstrosities
  2 liches
  3 quicksilver dragons
  2 deep elf blademasters (Elf:3)
  A kraken (Shoals:2)
  8 death cobs
  Gastronok (Lair:1)
  2 deep elf master archers (Elf:3)
  2 tentacled starspawn (Abyss:4)
  The ghost of olmar the Hermetic, an adept NaAl of Gozag (Elf:2)
  4 shadow dragons
  7 storm dragons
  The ghost of case the Executioner, an adept MiBe of Trog (Shoals:2)
  2 tengu reavers
  Kirke (D:14)
  Aizul (Vaults:1)
  Donald (Spider:3)
  6 fire giants
  2 draconian knights
  9 protean progenitors
  4 draconian shifters
  3 draconian monks (Zot:1)
  An emperor scorpion (Spider:4)
  11 vault wardens
  3 balrugs
  7 draconian scorchers
  An iron dragon (Depths:4)
  9 deep elf sorcerers
  7 frost giants
  5 ghost moths
  A curse skull (Depths:2)
  An angel (Abyss:4)
  2 deep elf elementalists
  7 draconian stormcallers (Zot:1)
  A broodmother (Spider:2)
  2 formless jellyfish
  4 orc warlords (Vaults:1)
  11 ironbound preservers
  The ghost of brilapsti the Fencer, a journeyman DrMo of Hepliaklqana (Lair:5)
  2 ophanim (Abyss:4)
  9 draconian annihilators
  3 ironbound thunderhulks
  12 stone giants
  11 very ugly things
  2 vampire knights (Depths:1)
  4 deep elf death magi (Elf:3)
  5 green draconians
  11 deep elf demonologists
  8 black draconians
  6 purple draconians
  3 white draconians
  8 deep elf annihilators
  4 dire elephants (Vaults:1)
  6 red draconians
  6 spark wasps
  10 yellow draconians
  3 blizzard demons
  A crystal guardian (Vaults:4)
  16 merfolk impalers
  5 fire dragons
  10 ettins
  Josephine (Abyss:4)
  A merfolk javelineer (Shoals:4)
  8 yaktaur captains
  4 deep elf high priests
  3 entropy weavers
  9 ice dragons
  6 great orbs of eyes
  4 spriggan air magi
  4 vault guards
  3 catoblepae
  2 alligator snapping turtles
  Erolcha (Abyss:4)
  A peacekeeper (Vaults:4)
  5 hydras
  7 ironbound frosthearts
  3 rakshasas
  7 radroaches
  4 jorogumos
  3 centaur warriors
  5 satyrs
  4 merfolk avatars
  6 merfolk aquamancers
  7 two-headed ogres
  4 boulder beetles
  3 demonspawn (Orc:2)
  6 tengu warriors
  6 deep troll earth magi
  17 dancing weapons
  A vampire mage (Vaults:2)
  A sphinx skeleton (Depths:1)
  4 spriggan berserkers
  2 demonic crawlers
  4 deep troll shamans
  20 death yaks
  10 orc high priests
  3 occultists
  4 thrashing horrors (Abyss:4)
  18 hell knights
  5 deep elf knights
  5 soul eaters
  5 iron trolls
  2 sixfirhies
  6 skysharks
  A wretched star (Abyss:4)
  4 pharaoh ants
  A flayed ghost (Abyss:4)
  A shadow wraith (D:13)
  2 cherubim (Abyss:4)
  A kraken simulacrum (Shoals:4)
  A sun moth (Spider:4)
  A shadow demon (Abyss:4)
  53 deep trolls
  12 orb spiders
  11 ironbound convokers
  3 glowing orange brains
  A harpy (shapeshifter) (D:13)
  3 steelbarb worms
  9 sea snakes
  8 lindwurms
  5 deep elf archers
  2 starcursed masses (Abyss:4)
  17 harpies
  21 deep elf pyromancers
  22 wolf spiders
  3 necromancers
  4 arcanists
  15 orc knights
  39 ugly things
  12 fauns
  3 large abominations (Abyss:4)
  22 deep elf zephyrmancers
  5 orc sorcerers
  7 cyclopes
  A fire giant zombie (Depths:1)
  13 elephants
  12 manticores
  3 meliai (Spider:2)
  7 vault sentinels
  A worldbinder (Abyss:4)
  23 moths of wrath
  A rust devil (Orc:2)
  4 kobold blastminers (Orc:1)
  5 water nymphs
  7 merfolk sirens
  A guardian serpent (shapeshifter) (Depths:2)
  Joseph (D:9)
  2 smoke demons (Abyss:4)
  2 gargoyles
  A guardian serpent (Abyss:4)
  6 black mambas
  6 torpor snails
  A cane toad (shapeshifter) (D:14)
  10 cane toads
  A titan simulacrum (Depths:1)
  2 kobold demonologists (Depths:2)
  9 komodo dragons
  35 yaktaurs
  9 rime drakes
  An ice devil (Orc:2)
  2 tengu conjurers
  A silent spectre (Depths:2)
  5 polar bears
  8 trolls
  A hellwing (Orc:2)
  2 glass eyes
  9 wind drakes
  23 merfolk
  A hornet (D:8)
  3 blink frogs
  3 raiju (Abyss:4)
  16 tarantellas
  6 dream sheep
  21 slime creatures
  25 culicivoras
  9 snapping turtles
  An air elemental (Orc:2)
  32 jumping spiders
  2 shadows (D:12)
  2 ynoxinuls
  18 water elementals
  6 hogs (D:14)
  3 fire elementals
  64 yaks
  6 wraiths
  12 wyverns
  12 basilisks
  4 wargs
  A spriggan simulacrum (Depths:1)
  A golden eye (Abyss:4)
  A human (Lair:3)
  6 vampire mosquitoes
  46 redbacks
  2 acid dragons
  A naga zombie (Abyss:4)
  3 swamp worms (Zot:3)
  18 water moccasins
  Duvessa (D:5)
  A hell hound (D:14)
  18 black bears
  40 orc warriors
  2 ice beasts
  13 laughing skulls
  21 wolves
  13 ogres
  5 centaurs
  3 kobold brigands
  Blork the orc (D:5)
  A brain worm (Abyss:2)
  12 bullfrogs
  3 gnoll sergeants
  4 scorpions
  Dowan (D:5)
  An earth elemental (Elf:1)
  A small abomination (Abyss:4)
  10 killer bees (D:9)
  3 electric eels (Spider:2)
  A bombardier beetle (D:3)
  3 howler monkeys
  A quasit (Abyss:2)
  5 hounds (D:8)
  3 jellies
  3 gnoll boudas
  29 orc priests
  2 sleepcaps
  19 orc wizards
  3 iguanas
  8 hell rats (D:14)
  6 adders
  27 gnolls
  A shadow imp (D:6)
  2 ufetubi (D:5)
  3 dart slugs
  A ribbon worm (D:3)
  78 orcs
  13 ball pythons
  5 bats (D:1)
  5 endoplasms
  4 giant cockroaches
  10 goblins
  9 hobgoblins
  13 jackals
  3 quokkas
  4 frilled lizards
  9 kobolds
  2 rats
  4 aspiring fleshes
  2 starspawn tentacles (Abyss:4)
  A tentacle (Shoals:2)
1800 creatures vanquished.

Vanquished Creatures (collateral kills)
  A draconian knight (Zot:1)
  A draconian scorcher (Zot:1)
2 creatures vanquished.

Vanquished Creatures (others)
  A tentacled monstrosity (Vaults:1)
  A lich (Abyss:4)
  A white draconian (Zot:1)
  A centaur warrior (Vaults:1)
  A dancing weapon (Elf:2)
  A deep elf knight (Elf:3)
  A sea snake (shapeshifter) (Vaults:1)
  A lindwurm (Vaults:1)
  4 yaktaurs (Vaults:1)
  A tarantella (Spider:4)
  A human (Depths:2)
  A bullfrog (Lair:4)
  23 spectral weapons
  3 starspawn tentacles
  7 tentacles
48 creatures vanquished.

Grand Total: 1850 creatures vanquished

Table legend: (Time is in decaauts)
 A = Elapsed time spent in this place.
 B = Non-inter-level travel time spent in this place.
 C = Inter-level travel time spent in this place.
 D = Time resting spent in this place.
 E = Time spent auto-exploring this place.
 F = Levels seen in this place.
 G = Mean time per level.
                   A        B        C        D        E       F      G
               +--------+--------+--------+--------+--------+-----+--------+
         Total |  94226 |  90080 |   4146 |  50867 |  22229 |  50 | 1884.5 |
       Dungeon |  18094 |  16417 |   1677 |   6505 |   7497 |  15 | 1206.3 |
          Lair |   8129 |   7612 |    517 |   3400 |   2841 |   5 | 1625.8 |
        Shoals |   6622 |   6337 |    285 |   2642 |   2416 |   4 | 1655.5 |
   Spider Nest |   7873 |   7643 |    230 |   4570 |   1895 |   4 | 1968.2 |
  Orcish Mines |   4923 |   4640 |    283 |   3183 |    657 |   2 | 2461.5 |
   Elven Halls |   8326 |   8222 |    104 |   5783 |   1028 |   3 | 2775.3 |
        Vaults |  10125 |   9765 |    360 |   5135 |   2497 |   4 | 2531.2 |
        Depths |  14111 |  13727 |    384 |   9500 |   2047 |   4 | 3527.8 |
           Zot |  15238 |  14936 |    302 |   9991 |   1351 |   4 | 3809.5 |
         Abyss |    779 |    779 |      0 |    155 |      0 |   5 |  155.8 |
               +--------+--------+--------+--------+--------+-----+--------+

Top non-repeatable levels by time:
   Zot:1: 8566 daAuts
   Elf:3: 5448 daAuts
Depths:4: 5299 daAuts
   Orc:2: 3930 daAuts
Depths:2: 3528 daAuts
Vaults:3: 3230 daAuts
Depths:3: 3033 daAuts
   Zot:2: 3008 daAuts
   Zot:3: 2741 daAuts
Vaults:1: 2691 daAuts
Vaults:2: 2499 daAuts
Spider:1: 2458 daAuts
     D:8: 2429 daAuts
Depths:1: 2250 daAuts
Spider:2: 2223 daAuts

Table legend:
 A = Non-vault XP
 B = Vault XP
 C = Vault XP percentage of total XP
 D = Non-vault monster count
 E = Vault monster count
 F = Vault count percentage of total count
                 A         B        C        D         E       F
            +---------+---------+-------+---------+---------+-------
      Total |  605917 |  367484 |  37.8 |    1251 |     563 |  31.0
            +---------+---------+-------+---------+---------+-------
        D:1 |      59 |       0 |   0.0 |      32 |       0 |   0.0
        D:2 |      49 |       0 |   0.0 |      16 |       0 |   0.0
        D:3 |      89 |       6 |   6.3 |      15 |       3 |  16.7
        D:4 |     306 |       0 |   0.0 |      29 |       0 |   0.0
        D:5 |     481 |     317 |  39.7 |      15 |       3 |  16.7
        D:6 |     823 |       0 |   0.0 |      10 |       0 |   0.0
        D:7 |    1237 |       0 |   0.0 |      23 |       0 |   0.0
        D:8 |    1029 |     751 |  42.2 |      15 |      31 |  67.4
        D:9 |    1500 |    3839 |  71.9 |      20 |      13 |  39.4
       D:10 |    3127 |    1345 |  30.1 |      17 |      18 |  51.4
       D:11 |    4368 |       0 |   0.0 |      12 |       0 |   0.0
       D:12 |    3764 |     772 |  17.0 |      19 |       1 |   5.0
       D:13 |    1788 |    1648 |  48.0 |       4 |       3 |  42.9
       D:14 |   13413 |    8087 |  37.6 |      26 |      32 |  55.2
       D:15 |    4694 |    2678 |  36.3 |      16 |       3 |  15.8
     Lair:1 |    4353 |    3189 |  42.3 |      17 |       7 |  29.2
     Lair:2 |    6605 |     689 |   9.4 |      26 |       1 |   3.7
     Lair:3 |    9620 |    3701 |  27.8 |      32 |       9 |  22.0
     Lair:4 |   13586 |     716 |   5.0 |      41 |       4 |   8.9
     Lair:5 |   14157 |   14710 |  51.0 |      40 |      32 |  44.4
   Shoals:1 |   21015 |       0 |   0.0 |      37 |       0 |   0.0
   Shoals:2 |   14027 |    4113 |  22.7 |      26 |       8 |  23.5
   Shoals:3 |   13744 |    1590 |  10.4 |      28 |       2 |   6.7
   Shoals:4 |   17122 |   23419 |  57.8 |      34 |      31 |  47.7
   Spider:1 |   17540 |     271 |   1.5 |      51 |       1 |   1.9
   Spider:2 |   15845 |    2108 |  11.7 |      35 |       1 |   2.8
   Spider:3 |   12424 |    2140 |  14.7 |      36 |       3 |   7.7
   Spider:4 |   17536 |   15749 |  47.3 |      39 |      35 |  47.3
      Orc:1 |    5653 |       0 |   0.0 |      35 |       0 |   0.0
      Orc:2 |    2958 |   22291 |  88.3 |      27 |      74 |  73.3
      Elf:1 |   13797 |    8893 |  39.2 |      23 |      14 |  37.8
      Elf:2 |   14932 |    4763 |  24.2 |      22 |       5 |  18.5
      Elf:3 |    9225 |   34037 |  78.7 |      15 |      30 |  66.7
   Vaults:1 |   24543 |   29462 |  54.6 |      34 |      34 |  50.0
   Vaults:2 |    9994 |   12189 |  54.9 |      17 |      17 |  50.0
   Vaults:3 |   25917 |   20770 |  44.5 |      47 |      24 |  33.8
   Vaults:4 |   26309 |   10989 |  29.5 |      36 |      14 |  28.0
   Depths:1 |   21955 |   12539 |  36.4 |      31 |      10 |  24.4
   Depths:2 |   33709 |   22708 |  40.3 |      42 |      23 |  35.4
   Depths:3 |   23166 |   24812 |  51.7 |      25 |      17 |  40.5
   Depths:4 |   31200 |   17633 |  36.1 |      32 |      16 |  33.3
      Zot:1 |   50265 |   14378 |  22.2 |      44 |      11 |  20.0
      Zot:2 |   16993 |   10367 |  37.9 |      15 |       8 |  34.8
      Zot:3 |   42870 |    8739 |  16.9 |      37 |       7 |  15.9
      Zot:4 |   17158 |    9965 |  36.7 |      15 |       9 |  37.5
    Abyss:2 |    1407 |       0 |   0.0 |       5 |       0 |   0.0
    Abyss:4 |   19565 |   11111 |  36.2 |      38 |       9 |  19.1
            +---------+---------+-------+---------+---------+-------
